 Dungeon Crawl Stone Soup version 0.30-a0-360-g447f08457e (webtiles) character file.

Game seed: 475268982547815905

241296 Armakuni the Gelid (level 20, -13/146 HPs)
             Began as a Human Conjurer on Nov 13, 2022.
             Was the Champion of Vehumet.
             Shot with a bolt by a yaktaur (14 damage)
             ... led by a vault warden
             ... on level 1 of the Vaults.
             The game lasted 03:04:33 (40629 turns).

Armakuni the Gelid (Human Conjurer)                Turns: 40629, Time: 03:04:34

Health: -13/146    AC: 15    Str:  8    XL:     20   Next: 13%
Magic:  39/42      EV: 13    Int: 39    God:    Vehumet [******]
Gold:   154        SH:  8    Dex: 14    Spells: 10/56 levels left

rFire   . . .      SeeInvis +    b - staff of cold
rCold   + . .      Faith    .    U - +3 buckler
rNeg    . . .      Spirit   .    Z - +4 robe of Folly {Brilliance Will-∞ Int+8}
rPois   +          Reflect  .    w - +2 helmet {SInv}
rElec   .          Harm     .    u - +1 cloak
rCorr   .          Rampage  .    i - +0 pair of gloves
Will    .....                    q - +1 pair of boots
Stlth   ++........               R - amulet of magic regeneration
HPRegen 0.44/turn                I - +6 ring of intelligence
MPRegen 0.68/turn                P - ring of poison resistance

@: in a vortex, marked, flying (expiring)
A: robust 1, noise suppression
}: 2/15 runes: decaying, serpentine
a: Renounce Religion


You were on level 1 of the Vaults.
You worshipped Vehumet.
Vehumet was exalted by your worship.
You visited 7 branches of the dungeon, and saw 32 of its levels.
You also visited: Gauntlet.

You collected 2796 gold pieces.
You spent 2642 gold pieces at shops.

Inventory:

Missiles
 K - 2 throwing nets
Armour
 i - a +0 pair of gloves (worn)
 q - a +1 pair of boots (worn)
 u - a +1 cloak (worn)
 w - a +2 helmet of see invisible (worn)
 U - a +3 buckler (worn)
 Z - the +4 robe of Folly (worn) {Brilliance Will-∞ Int+8}
   (You found it in a Gauntlet)

   It increases the power of your magical spells.
   It halves the magic cost of your spells (rounding up).
   It reduces your willpower to zero.
   Int:       It affects your intelligence (+8).
Magical Staves
 a - a staff of conjuration
 b - a staff of cold (weapon)
 v - a staff of poison
Jewellery
 H - an amulet of reflection
 I - a +6 ring of intelligence (left hand)
 P - a ring of poison resistance (right hand)
 R - an amulet of magic regeneration (around neck)
Wands
 f - a wand of flame (31)
 k - a wand of digging (5)
 l - a wand of light (21)
 p - a wand of paralysis (35)
 r - a wand of roots (51)
 F - a wand of polymorph (7)
 S - a wand of mindburst (37)
Scrolls
 h - 8 scrolls of fear
 n - 5 scrolls of immolation
 x - 3 scrolls of noise
 y - 9 scrolls of teleportation
 C - 6 scrolls of vulnerability
 E - 3 scrolls of summoning
 J - 4 scrolls of fog
 L - a scroll of amnesia
 M - a scroll of silence
 T - 3 scrolls of identify
 V - 6 scrolls of poison
 X - 2 scrolls of magic mapping
 Y - a scroll of enchant armour
Potions
 c - 10 potions of might
 d - 2 potions of magic
 e - 3 potions of berserk rage
 g - 13 potions of curing
 j - 4 potions of heal wounds
 z - a potion of resistance
 B - 5 potions of haste
 D - 9 potions of flight
 G - 4 potions of mutation
 N - 2 potions of cancellation
 O - 7 potions of lignification
 Q - 2 potions of ambrosia
Miscellaneous
 m - a phantom mirror
 o - a condenser vane
 s - a lightning rod (4/4)
 t - a tin of tremorstones (2/2)


   Skills:
 - Level 5.0 Fighting
 - Level 5.0 Staves
 - Level 5.0 Armour
 - Level 5.0 Dodging
 - Level 2.0 Stealth
 - Level 4.0 Shields
 + Level 18.7 Spellcasting
 - Level 14.4 Conjurations
 + Level 20.0 Ice Magic
 - Level 10.0 Evocations


You had 10 spell levels left.
You knew the following spells:

 Your Spells              Type           Power      Damage    Failure   Level
j - Freezing Cloud        Conj/Ice/Air   68%        6-21      1%          5
m - Iskenderun's Mystic   Conj/Tloc      96%        2d19      1%          4
n - Summon Ice Beast      Ice/Summ       100%       N/A       1%          4
o - Orb of Destruction    Conj           61%        9d15      1%          7
p - Fulminant Prism       Conj/Hex       48%        3d21      1%          4
r - Ozocubu's Refrigerat  Ice            81%        4d25      1%          7
s - Sticky Flame          Conj/Fire      96%        2d11      1%          4
v - Polar Vortex          Ice            81%        N/A       7%          9
z - Searing Ray           Conj           100%       2d8       0%          2

Your spell library contained the following spells:

 Spells                   Type           Power      Damage    Failure   Level
 Maxwell's Capacitive Co  Air            26%        ∞         100%        8
 Fire Storm               Conj/Fire      48%        8d12      100%        9
 Shatter                  Erth           26%        3d22*     100%        9
 Magic Dart               Conj           100%       1d8       0%          1
 Frozen Ramparts          Ice            100%       1d16      0%          3
 Hailstorm                Conj/Ice       100%       3d20      0%          3
 Ozocubu's Armour         Ice            100%       N/A       0%          3
 Foxfire                  Conj/Fire      100%       2x1d9     1%          1
 Slow                     Hex            100%       N/A       1%          1
 Summon Small Mammal      Summ           100%       N/A       1%          1
 Blink                    Tloc           100%       N/A       1%          2
 Call Imp                 Summ           53%        N/A       1%          2
 Ensorcelled Hibernation  Hex/Ice        100%       N/A       1%          2
 Momentum Strike          Conj/Tloc      100%       3d10      1%          2
 Passwall                 Tmut/Erth      44%        N/A       1%          2
 Static Discharge         Conj/Air       100%       2-7/arc   1%          2
 Dazzling Flash           Conj/Hex       100%       N/A       1%          3
 Ignite Poison            Fire/Tmut/Pois 53%        N/A       1%          3
 Inner Flame              Hex/Fire       53%        N/A       1%          3
 Kindle Blastsparks       Fire/Tloc/Air  100%       2d18      1%          3
 Mephitic Cloud           Conj/Pois/Air  84%        N/A       1%          3
 Stone Arrow              Conj/Erth      100%       3d13      1%          3
 Flame Wave               Conj/Fire      96%        2d20      1%          4
 Ice Form                 Ice/Tmut       100%       N/A       1%          4
 Arcjolt                  Conj/Air       48%        1d58      1%          5
 Fireball                 Conj/Fire      48%        3d19      1%          5
 Lightning Bolt           Conj/Air       48%        1d68      1%          5
 Simulacrum               Ice/Necr       65%        N/A       2%          6
 Starburst                Conj/Fire      48%        6d13      2%          6
 Confusing Touch          Hex            53%        N/A       3%          3
 Gell's Gravitas          Tloc           53%        N/A       3%          3
 Lesser Beckoning         Tloc           100%       N/A       3%          3
 Swiftness                Air            53%        N/A       3%          3
 Teleport Other           Tloc           53%        N/A       3%          3
 Vampiric Draining        Necr           53%        2d9       3%          3
 Vhi's Electric Charge    Tloc/Air       100%       N/A       3%          3
 Anguish                  Hex/Necr       26%        N/A       10%         4
 Animate Armour           Summ/Erth      100%       N/A       10%         4
 Animate Dead             Necr           53%        N/A       10%         4
 Manifold Assault         Tloc           53%        N/A       10%         4
 Spellforged Servitor     Conj/Summ      48%        N/A       11%         7
 Borgnjor's Vile Clutch   Necr/Erth      26%        N/A       26%         5
 Lehudib's Crystal Spear  Conj/Erth      48%        10d11     58%         8
 Death Channel            Necr           26%        N/A       83%         6
 Dispersal                Tloc           26%        N/A       83%         6
 Enfeeble                 Hex            26%        N/A       100%        7
 Disjunction              Tloc           26%        N/A       100%        8
 Ignition                 Fire           26%        3d9       100%        8


Dungeon Overview and Level Annotations

Branches:
Dungeon (15/15)            Temple (1/1) D:4            Lair (5/5) D:10
  Swamp (4/4) Lair:3        Snake (4/4) Lair:2        Slime (0/5) Lair:5
    Orc (2/2) D:9             Elf (0/3) Orc:2        Vaults (1/5) D:14
Gauntlet (visited)
 Depths: D:15

Altars:
Ashenzari
Cheibriados
Dithmenos
Elyvilon
Fedhas
Gozag
Hepliaklqana
Kikubaaqudgha
Makhleb
Nemelex Xobeh
Okawaru
Qazlal
Ru
Sif Muna
Trog
Uskayaw
Vehumet
Wu Jian
Xom
Yredelemnul
Zin
The Shining One
Jiyva

Shops:
Orc:2 [:(!?!?   Snake:1 *   Snake:2 (:((?   Snake:4 :==

Annotations:
D:15 Rupert


Innate Abilities, Weirdness & Mutations

You are robust. (+10% HP)
You passively dampen the noise of your surroundings.


Message History

The vault warden is lightly wounded.
The yaktaur is moderately wounded.
The yaktaur is severely wounded.
A yaktaur comes into view.
The yaktaur wields a +0 arbalest.
The yaktaur shoots a bolt.
You block the bolt.
The yaktaur wields a +0 arbalest.
The yaktaur shoots a bolt.
The bolt hits you but does no damage.
Casting: Ozocubu's Refrigeration (mildly dangerous; 1% risk of failure)
Confirm with . or Enter, or press ? or * to list all spells.
You feel a strong surge of power!
A great freezing vortex appears and lifts you up.
The vault warden activates a sealing rune.
A door slams shut!
Electricity crackles from the ironbound thunderhulk's apparatus.
The bolt of lightning hits you.
You kill the yaktaur!
Vehumet accepts your kill.
You feel your power returning.
A great orb of eyes comes into view.
A yaktaur comes into view.
Electricity crackles from the ironbound thunderhulk's apparatus.
The bolt of lightning hits you!!
The yaktaur shoots a bolt.
The bolt hits you but does no damage.
The stone giant simulacrum vaporises!
Vehumet accepts your kill.
You feel your power returning. The great orb of eyes gazes at you.
You feel your power leaking away.
The yaktaur wields a +0 arbalest.
The yaktaur shoots a bolt.
The bolt hits you!
Electricity crackles from the ironbound thunderhulk's apparatus.
The bolt of lightning hits you!!!
* * * LOW HITPOINT WARNING * * *
You feel much better.
The yaktaur wields a +0 arbalest.
The yaktaur shoots a bolt.
The bolt hits you!!
* * * LOW HITPOINT WARNING * * *
Electricity crackles from the ironbound thunderhulk's apparatus.
The bolt of lightning hits you!!
* * * LOW HITPOINT WARNING * * *
The yaktaur shoots a bolt.
You block the bolt.
The yaktaur shoots a bolt.
The bolt hits you!
You die...

##.......# #.....#
#########
#.#......####.....#
##.#.......##.....#
#####.....##...§.#
########§§§§§#
#§§§§§# #§§§§§#
#§§§§§# #§@§p§#
#§§§§O# #§§§§§#
#§§§§§# +§§§§c#
.+§c..G§ ##...c...
#........


You could see a vault warden, an ironbound thunderhulk, a great orb of eyes and
3 yaktaurs.

Vanquished Creatures
  Saint Roka (Orc:2)
  2 tentacled monstrosities (Swamp:4)
  Gastronok (Lair:2)
  2 thorn hunters
  4 fenstrider witches
  7 nagarajas
  The ghost of DEFE the Grand Scion, an adept DsHu of Hepliaklqana (Swamp:1)
  Aizul (Snake:2)
  2 ghouls
  A reaper (Swamp:4)
  5 eleionomae
  3 bunyips
  A minotaur (Gauntlet)
  Azrael (Snake:1)
  A yaktaur captain (Vaults:1)
  2 shambling mangroves (Swamp:4)
  A blizzard demon (Swamp:4)
  An entropy weaver (Vaults:1)
  A salamander tyrant (Snake:4)
  Erolcha (D:13)
  Fannar (Lair:3)
  6 ogre magi
  4 spriggan air magi (Swamp:4)
  15 hydras
  4 ghost crabs
  6 alligators
  6 centaur warriors
  10 anacondas
  2 dancing weapons (D:14)
  2 boulder beetles
  21 two-headed ogres
  19 naga warriors
  The ghost of DEFE the Martial Artist, a journeyman DsHu of Hepliaklqana (D:9)
  Urug (Lair:5)
  A vampire mage (Swamp:4)
  11 shock serpents
  8 naga sharpshooters
  Amaemon (Lair:1)
  A soul eater (Swamp:4)
  3 salamander mystics
  4 goliath frogs
  A sixfirhy (Swamp:4)
  2 death drakes (Swamp:4)
  6 spriggan druids
  14 bog bodies
  4 naga ritualists
  3 wizards
  4 deep elf pyromancers
  5 swamp dragons
  A deep elf zephyrmancer (Swamp:4)
  13 ugly things
  2 orc knights
  5 cyclopes
  6 orc sorcerers
  10 mana vipers
  11 salamanders
  3 will-o-the-wisps
  2 manticores
  A salamander (shapeshifter) (D:14)
  12 elephants (Lair:5)
  An apocalypse crab (Gauntlet)
  36 black mambas
  11 centaur zombies (D:12)
  A vault sentinel (Vaults:1)
  A guardian serpent (shapeshifter) (D:14)
  9 naga magi
  Joseph (D:9)
  6 guardian serpents
  22 cane toads
  2 orange demons
  A smoke demon (Gauntlet)
  A torpor snail (Lair:5)
  7 komodo dragons
  A yaktaur (shapeshifter) (D:14)
  2 rime drakes
  A yaktaur (Vaults:1)
  2 hellwings (Swamp:4)
  2 polar bears
  9 trolls
  A red devil (Gauntlet)
  3 bloated husks
  Prince Ribbit (D:9)
  32 blink frogs
  13 tyrant leeches
  14 hornets
  2 dream sheep (Lair:5)
  A meliai zombie (D:12)
  A stone giant simulacrum (Vaults:1)
  11 slime creatures
  A centaur simulacrum (D:14)
  A spriggan (shapeshifter) (D:13)
  A culicivora (shapeshifter) (D:14)
  20 spriggans
  4 wyverns
  2 wraiths
  A shadow (D:10)
  A vampire (D:9)
  6 basilisks
  4 fire elementals (Snake:1)
  67 yaks
  Menkaure (D:6)
  2 chaos spawn (Swamp:4)
  A redback (Vaults:1)
  21 vampire mosquitoes
  2 neqoxecs (Swamp:4)
  A steam dragon (D:10)
  4 wargs
  37 nagas
  2 acid dragons (D:10)
  16 water moccasins
  21 swamp worms
  A floating eye (D:15)
  4 hell hounds (Snake:1)
  26 orc warriors
  5 black bears
  A swamp drake (Swamp:1)
  4 ice beasts
  A sky beast (D:7)
  6 wolves (Lair:3)
  24 ogres
  8 boggarts
  9 centaurs
  A phantom (D:5)
  2 kobold brigands
  13 bullfrogs
  3 gnoll sergeants
  3 necrophages
  2 scorpions
  A hornet simulacrum (D:13)
  13 killer bees
  An electric eel (Lair:3)
  5 howler monkeys
  A crimson imp (Gauntlet)
  A gnoll bouda (D:6)
  15 orc priests
  A hound (D:6)
  2 jellies
  2 iguanas
  19 orc wizards
  7 adders
  16 gnolls
  A white imp (D:8)
  An ufetubus (D:5)
  2 worms (D:2)
  84 orcs
  5 ball pythons
  3 endoplasms
  3 giant cockroaches
  6 goblins
  3 hobgoblins
  3 jackals (D:2)
  8 bats
  7 frilled lizards
  14 kobolds
  4 rats
  4 bushes (Lair:1)
  A fungus (Swamp:3)
1028 creatures vanquished.

Vanquished Creatures (collateral kills)
  A killer bee (D:9)
1 creature vanquished.

Vanquished Creatures (others)
  A chaos spawn (Swamp:4)
  A swamp worm (Swamp:2)
  A howler monkey (D:7)
  10 bushes
  9 foxfires (Swamp:4)
  22 fulminant prisms
  105 fungi
  142 plants
  29 withered plants (Swamp:1)
320 creatures vanquished.

Grand Total: 1349 creatures vanquished

Notes
Turn   | Place    | Note
-------+----------+-------------------------------------------
     0 | D:1      | Armakuni the Human Conjurer began the quest for the Orb.
     0 | D:1      | Reached XP level 1. HP: 13/13 MP: 3/3
    35 | D:1      | You fall into a shaft and drop 1 floor!
   189 | D:1      | Reached XP level 2. HP: 19/19 MP: 0/5
   773 | D:2      | Reached XP level 3. HP: 24/24 MP: 3/6
   815 | D:2      | Learned a level 2 spell: Searing Ray
   819 | D:2      | Learned a level 3 spell: Mephitic Cloud
  1304 | D:2      | Reached skill level 5 in Conjurations
  1712 | D:3      | Reached XP level 4. HP: 30/30 MP: 2/7
  2125 | D:3      | Found a hide-covered altar of Uskayaw.
  2125 | D:3      | Noticed a +0 dagger
  2125 | D:3      | Noticed a +0 falchion
  2125 | D:3      | Noticed a +0 falchion
  2126 | D:3      | Noticed a +0 short sword
  2127 | D:3      | Noticed a +0 dagger
  2128 | D:3      | Noticed a +0 spear
  2129 | D:3      | Noticed a +0 short sword
  2130 | D:3      | Noticed a +0 spear
  2800 | D:4      | Found a staircase to the Ecumenical Temple.
  2808 | D:4      | Reached XP level 5. HP: 35/35 MP: 5/9
  2870 | Temple   | Entered the Ecumenical Temple
  2911 | Temple   | Became a worshipper of Vehumet
  3038 | D:4      | Learned a level 4 spell: Fulminant Prism
  3381 | D:4      | Reached XP level 6. HP: 35/41 MP: 6/11
  3530 | D:4      | Found a hazy altar of Hepliaklqana.
  3679 | D:5      | Entered Level 5 of the Dungeon
  4281 | D:5      | Noticed an ogre
  4291 | D:5      | Killed an ogre
  4292 | D:5      | Reached XP level 7. HP: 36/46 MP: 3/13
  4698 | D:6      | Found an ornate altar of the Wu Jian Council.
  4924 | D:6      | Reached XP level 8. HP: 52/52 MP: 6/14
  5019 | D:6      | Reached * piety under Vehumet
  5019 | D:6      | Offered knowledge of Kiss of Death by Vehumet.
  5095 | D:6      | Noticed Menkaure
  5105 | D:6      | Killed Menkaure
  5127 | D:6      | Learned a level 3 spell: Kindle Blastsparks
  5292 | D:6      | Reached skill level 10 in Conjurations
  5320 | D:6      | Identified the +5 trident of Dissolution {venom, rF+}
  5841 | D:7      | Reached XP level 9. HP: 55/57 MP: 11/15
  6090 | D:7      | Noticed a cyclops
  6145 | D:7      | Noticed a deep elf pyromancer
  6244 | D:8      | Killed a deep elf pyromancer
  6245 | D:8      | Reached skill level 5 in Spellcasting
  6363 | D:7      | Noticed a deep elf pyromancer
  6510 | D:6      | Killed a cyclops
  6645 | D:7      | Reached XP level 10. HP: 57/63 MP: 12/19
  6895 | D:7      | Noticed a two-headed ogre
  6914 | D:7      | Killed a two-headed ogre
  7111 | D:7      | Learned a level 4 spell: Iskenderun's Mystic Blast
  7237 | D:7      | Killed a deep elf pyromancer
  7467 | D:7      | HP: 1/63 [orc warrior/+0 long sword of electrocution (12)]
  7726 | D:8      | Reached ** piety under Vehumet
  7798 | D:8      | Offered knowledge of Scorch by Vehumet.
  7799 | D:8      | Reached skill level 1 in Armour
  8285 | D:8      | Reached skill level 5 in Armour
  8285 | D:8      | Reached XP level 11. HP: 43/68 MP: 23/23
  8289 | D:8      | Reached skill level 1 in Ice Magic
  8420 | D:8      | Reached skill level 2 in Ice Magic
  8824 | D:8      | Noticed a two-headed ogre
  8834 | D:8      | Killed a two-headed ogre
  8835 | D:8      | Reached skill level 4 in Ice Magic
  8859 | D:8      | Learned a level 5 spell: Freezing Cloud
  9097 | D:9      | Reached skill level 5 in Ice Magic
  9146 | D:9      | Offered knowledge of Hailstorm by Vehumet.
  9195 | D:9      | Found an ancient bone altar of Kikubaaqudgha.
  9245 | D:9      | Noticed a two-headed ogre
  9253 | D:9      | Killed a two-headed ogre
  9254 | D:9      | Reached skill level 6 in Ice Magic
  9430 | D:9      | Reached *** piety under Vehumet
  9491 | D:9      | Offered knowledge of Sticky Flame by Vehumet.
  9500 | D:9      | Found a staircase to the Orcish Mines.
  9558 | D:9      | Found a shimmering altar of Xom.
  9566 | D:9      | Reached skill level 7 in Ice Magic
  9647 | D:9      | Noticed Joseph
  9655 | D:9      | Killed Joseph
  9792 | D:9      | Noticed Prince Ribbit
  9806 | D:9      | Killed Prince Ribbit
  9807 | D:9      | Reached skill level 8 in Ice Magic
 10019 | D:9      | Found a runed translucent door.
 10023 | D:9      | Noticed DEFE's ghost (journeyman DsHu)
 10024 | D:9      | Noticed an eight-headed hydra
 10043 | D:9      | Learned a level 4 spell: Sticky Flame
 10453 | D:10     | Entered Level 10 of the Dungeon
 10477 | D:10     | Noticed a two-headed ogre
 10487 | D:10     | Killed a two-headed ogre
 10539 | D:10     | Reached skill level 9 in Ice Magic
 10556 | D:10     | Noticed a two-headed ogre
 10580 | D:10     | Killed a two-headed ogre
 10700 | D:10     | Reached XP level 12. HP: 74/74 MP: 11/24
 11016 | D:10     | Found a staircase to the Lair.
 11113 | D:10     | Reached skill level 10 in Ice Magic
 11383 | D:10     | Reached skill level 1 in Fighting
 11383 | D:10     | Reached skill level 1 in Staves
 11502 | D:10     | Found a burning altar of Makhleb.
 11506 | D:10     | Found a shimmering blue altar of Sif Muna.
 11817 | D:11     | Reached **** piety under Vehumet
 12061 | D:11     | Offered knowledge of Lee's Rapid Deconstruction by Vehumet.
 12183 | D:11     | Noticed a two-headed ogre
 12189 | D:11     | Killed a two-headed ogre
 12603 | D:11     | Reached skill level 5 in Dodging
 12784 | D:11     | Reached skill level 5 in Fighting
 12784 | D:11     | Reached skill level 5 in Staves
 12785 | D:11     | Reached ***** piety under Vehumet
 12955 | D:11     | Offered knowledge of Flame Wave by Vehumet.
 12956 | D:11     | Reached skill level 1 in Evocations
 13149 | D:12     | Reached XP level 13. HP: 80/91 MP: 20/26
 13509 | D:12     | Found a basalt altar of Yredelemnul.
 13781 | D:12     | Reached skill level 5 in Evocations
 13907 | D:12     | Reached skill level 10 in Spellcasting
 15226 | D:13     | Noticed Erolcha
 15456 | D:13     | Noticed a centaur warrior
 15482 | D:14     | Noticed a centaur warrior
 15675 | D:14     | Killed a centaur warrior
 15697 | D:14     | Offered knowledge of Orb of Destruction by Vehumet.
 15716 | D:14     | Learned a level 7 spell: Orb of Destruction
 15809 | D:14     | Noticed a centaur warrior
 15814 | D:14     | Killed a centaur warrior
 15859 | D:14     | Noticed a centaur warrior
 15870 | D:14     | Killed a centaur warrior
 16017 | D:14     | Reached XP level 14. HP: 39/98 MP: 18/28
 16194 | D:14     | Found a gate to the Vaults.
 17641 | D:15     | Entered Level 15 of the Dungeon
 17765 | Lair:1   | Entered Level 1 of the Lair of Beasts
 17839 | D:9      | Killed DEFE's ghost
 17946 | D:9      | Identified the +0 scale mail "Pups" {Dex+3}
 18063 | Lair:1   | Reached skill level 10 in Evocations
 18368 | Lair:1   | Noticed Amaemon
 18378 | Lair:1   | Killed Amaemon
 18948 | Lair:2   | Noticed Gastronok
 18959 | Lair:2   | Killed Gastronok
 19154 | Lair:2   | Offered knowledge of Ozocubu's Refrigeration by Vehumet.
 19502 | Lair:2   | Found a staircase to the Snake Pit.
 20681 | Lair:3   | Found a gate leading to a gauntlet.
 20695 | Gauntlet | Entered a Gauntlet
 20695 | Gauntlet | Found a transporter.
 20695 | Gauntlet | Found a transporter.
 20695 | Gauntlet | Found a runed translucent door.
 20695 | Gauntlet | Found a runed translucent door.
 20723 | Gauntlet | Found a transporter.
 20726 | Gauntlet | Found a transporter.
 20743 | Gauntlet | Found a transporter.
 20751 | Gauntlet | Found a transporter.
 20755 | Gauntlet | Found a transporter.
 20763 | Gauntlet | Found a transporter.
 20779 | Gauntlet | Found a transporter.
 20793 | Gauntlet | Found a transporter.
 20797 | Gauntlet | Found a transporter.
 20806 | Gauntlet | Found a transporter.
 21081 | Gauntlet | Identified the amulet "Ocayss" {Spirit Fragile Str+4}
 21114 | Gauntlet | Found the +4 robe of Folly {Brilliance Will-∞ Int+8}
 21114 | Gauntlet | Noticed a minotaur
 21135 | Gauntlet | Killed a minotaur
 21136 | Gauntlet | Reached XP level 15. HP: 74/103 MP: 25/31
 21145 | Gauntlet | Got the Exposition on Glaciation
 21148 | Gauntlet | Identified the +5 tower shield of the Elven Halls {rElec
                  | Slay+6}
 21148 | Gauntlet | Identified the +0 robe of Yredelemnul's Envy {Str+3}
 21149 | Gauntlet | Got the Spellbook of Cold
 21542 | Lair:3   | Learned a level 4 spell: Summon Ice Beast
 21562 | Lair:3   | Found a staircase to the Swamp.
 21631 | Lair:3   | Noticed Fannar
 21635 | Lair:3   | Killed Fannar
 22177 | Lair:3   | Reached skill level 1 in Shields
 22368 | Lair:3   | Offered knowledge of Iron Shot by Vehumet.
 23494 | Lair:4   | Found a shimmering altar of Xom.
 24089 | Lair:5   | Entered Level 5 of the Lair of Beasts
 24336 | Lair:5   | Reached skill level 11 in Ice Magic
 24433 | Lair:5   | Reached XP level 16. HP: 98/109 MP: 30/33
 24641 | Lair:5   | Noticed Urug
 24646 | Lair:5   | Reached skill level 12 in Ice Magic
 24648 | Lair:5   | Killed Urug
 25062 | Lair:5   | Found a viscous altar of Jiyva.
 25062 | Lair:5   | Found a staircase to the Slime Pits.
 25160 | Lair:5   | Offered knowledge of Irradiate by Vehumet.
 25269 | Lair:5   | Reached skill level 13 in Ice Magic
 25501 | Snake:1  | Entered Level 1 of the Snake Pit
 25501 | Snake:1  | Found Gebaaja's Assorted Antiques.
 25530 | Snake:1  | Bought a potion of heal wounds for 125 gold pieces
 25693 | Orc:1    | Entered Level 1 of the Orcish Mines
 25782 | Orc:2    | Entered Level 2 of the Orcish Mines
 25786 | Orc:2    | Noticed Saint Roka
 25888 | Orc:2    | Killed Saint Roka
 25941 | Orc:2    | Found Umuiri's Distillery.
 25951 | Orc:2    | Bought a potion of heal wounds for 80 gold pieces
 25951 | Orc:2    | Bought a potion of haste for 160 gold pieces
 26092 | Orc:2    | Reached skill level 14 in Ice Magic
 26159 | Orc:2    | Offered knowledge of Iskenderun's Battlesphere by Vehumet.
 26389 | Orc:2    | Reached skill level 15 in Ice Magic
 26448 | Orc:2    | Found Fagg's Magic Scroll Emporium.
 26456 | Orc:2    | Bought a scroll of teleportation for 51 gold pieces
 26456 | Orc:2    | Bought a scroll of blinking for 127 gold pieces
 26456 | Orc:2    | Bought a scroll of identify for 34 gold pieces
 26498 | Orc:2    | Found Weeji's Magic Scroll Shoppe.
 26543 | Orc:2    | Found a staircase to the Elven Halls.
 27030 | Orc:2    | Found Ekkiq's Distillery.
 27030 | Orc:2    | Found Qorph's Antique Weapon Shoppe.
 27031 | Orc:2    | Found Xaxih's Book Shoppe.
 27031 | Orc:2    | Found Xevuam's Armour Shop.
 27038 | Orc:2    | Bought a potion of heal wounds for 60 gold pieces
 27487 | D:13     | Reached XP level 17. HP: 56/115 MP: 29/34
 27536 | D:13     | Killed Erolcha
 27793 | D:15     | Noticed Rupert
 28252 | Snake:1  | Reached skill level 16 in Ice Magic
 28451 | Snake:1  | Noticed Azrael
 28466 | Snake:1  | Killed Azrael
 29608 | Snake:1  | Identified the +0 robe "Xueci" {Str+6}
 29757 | Snake:2  | Noticed Aizul
 29763 | Snake:2  | Killed Aizul
 29800 | Snake:2  | Learned a level 9 spell: Polar Vortex
 29906 | Snake:2  | Found Isonein's Book Shoppe.
 29935 | Snake:2  | Found Cylojes's Antique Weapon Boutique.
 30494 | Orc:2    | Bought a scroll of amnesia for 68 gold pieces
 30494 | Orc:2    | Bought a scroll of amnesia for 68 gold pieces
 30494 | Orc:2    | Bought a scroll of immolation for 68 gold pieces
 30746 | Snake:2  | Offered knowledge of Conjure Ball Lightning by Vehumet.
 30828 | Snake:2  | Found Biheip's Magic Scroll Boutique.
 30837 | Snake:2  | Bought a scroll of summoning for 123 gold pieces
 30837 | Snake:2  | Bought a scroll of amnesia for 52 gold pieces
 31293 | Snake:2  | Found Zeupt's Weapon Shop.
 31594 | Snake:2  | Found Nuasoll's Weapon Boutique.
 32060 | Snake:3  | Reached skill level 15 in Spellcasting
 32910 | Snake:4  | Entered Level 4 of the Snake Pit
 32919 | Snake:4  | Reached XP level 18. HP: 121/121 MP: 30/37
 33089 | Snake:2  | Bought the Disquisition on Chilling Summoning for 768 gold
                  | pieces
 33098 | Snake:2  | Learned a level 7 spell: Ozocubu's Refrigeration
 33183 | Snake:4  | Found Liomn's Jewellery Boutique.
 33184 | Snake:4  | Found Seosh's Book Emporium.
 33185 | Snake:4  | Found Gushumny's Jewellery Boutique.
 33188 | Snake:4  | Reached skill level 17 in Ice Magic
 33193 | Snake:4  | Bought an amulet of magic regeneration for 390 gold pieces
 34522 | Snake:4  | Reached ****** piety under Vehumet
 34528 | Snake:4  | Offered knowledge of Fire Storm by Vehumet.
 34528 | Snake:4  | Offered knowledge of Shatter by Vehumet.
 34528 | Snake:4  | Offered knowledge of Maxwell's Capacitive Coupling by
                  | Vehumet.
 34554 | Snake:4  | Reached skill level 18 in Ice Magic
 34641 | Snake:4  | HP: 6/121 [nagaraja/bolt of poison (45)]
 34929 | Snake:4  | Got a serpentine rune of Zot
 35482 | Swamp:1  | Entered Level 1 of the Swamp
 35614 | Swamp:1  | Paralysed by a fenstrider witch for 5 turns
 35846 | Swamp:1  | Found a runed translucent door.
 35848 | Swamp:1  | Noticed DEFE's ghost (adept DsHu)
 35855 | Swamp:1  | Identified the +7 spear of Defenestration {venom, Fly}
 35929 | Swamp:1  | Reached XP level 19. HP: 117/126 MP: 37/40
 36286 | Swamp:1  | Killed DEFE's ghost
 37577 | Swamp:3  | Reached skill level 19 in Ice Magic
 37945 | Swamp:4  | Entered Level 4 of the Swamp
 38151 | Swamp:4  | Gained mutation: You are vulnerable to heat. (rF-) [a
                  | neqoxec]
 38322 | Swamp:4  | Lost mutation: You are vulnerable to heat. (rF-) [potion of
                  | mutation]
 38322 | Swamp:4  | Gained mutation: You passively dampen the noise of your
                  | surroundings. [potion of mutation]
 38322 | Swamp:4  | Gained mutation: You are robust. (+10% HP) [potion of
                  | mutation]
 38362 | Swamp:4  | Noticed a tentacled monstrosity
 38364 | Swamp:4  | Paralysed by an ogre mage for 3 turns
 38375 | Swamp:4  | Killed a tentacled monstrosity
 39041 | Swamp:4  | Paralysed by a fenstrider witch for 4 turns
 39296 | Swamp:4  | Paralysed by a fenstrider witch for 3 turns
 39324 | Swamp:4  | Got a decaying rune of Zot
 39469 | Swamp:4  | Reached XP level 20. HP: 134/146 MP: 38/42
 39579 | Swamp:4  | Noticed a tentacled monstrosity
 39583 | Swamp:4  | Killed a tentacled monstrosity
 40028 | Snake:4  | Bought a +6 ring of intelligence for 468 gold pieces
 40343 | Vaults:1 | Entered Level 1 of the Vaults
 40399 | Vaults:1 | Reached skill level 20 in Ice Magic
 40629 | Vaults:1 | HP: 1/146 [ironbound thunderhulk/bolt of lightning (30)]
 40629 | Vaults:1 | Shot with a bolt by a yaktaur

Illustrated notes

Levels and vault maps discovered:
D:1:      denvon_arrival_hothouse, layout_rooms, item_on_display_a
D:2:      layout_rooms
D:3:      layout_basic, nicolae_uskayaw_en_pointe
D:4:      layout_loops_ring, mainiacjoe_overflow_cross_hatched,
          minmay_temple_entry_tees, amethyst_killhole
D:5:      layout_loops_ring
D:6:      layout_rooms, nicolae_wu_jian_wuxing_cycle, uniq_menkaure
D:7:      minmay_the_grid_triangle_9x9_rhombus_thin
          [minmay_the_grid_triangle_9x9_negative_grid,
          minmay_the_grid_triangle_9x9_prize_schism,
          minmay_the_grid_triangle_9x9_dagger,
          minmay_the_grid_triangle_9x9_pentomino_pain], layout_loops_ring,
          grunt_decor_resistance, kennysheep_another_room,
          eino_small_chamber_without_monster
D:8:      layout_loops_corners
D:9:      layout_roguey, overflow_temple_1_default,
          mainiacjoe_overflow_alcove_4, david_orc_5, ebering_ghost_inner_flame,
          uniq_prince_ribbit1, uniq_joseph
D:10:     layout_stronghold, mainiacjoe_overflow_catwalk_spiral,
          due_lair_maze_entry_diamond
D:11:     layout_loops_ring
D:12:     layout_roguey, serial_co_window_serial, co_window_corner_a,
          co_window_of_opportunity_a, co_window_corner_a, co_window_corner_a,
          co_window_paths_a, co_window_corner_a, co_window_of_opportunity_b,
          co_window_2corner, co_window_corner_b, co_window_4corner_a,
          nicolae_yredelemnul_corpse_copse
D:13:     layout_rooms, uniq_erolcha
D:14:     layout_loops_corners, erik_vaults_1, serial_glass, glass_columns_b,
          glass_columns_a, glass_columns_a, glass_columns_a, glass_columns_c,
          glass_columns_a, glass_columns_c, glass_columns_c, glass_columns_c,
          glass_columns_a, minmay_misc_feat_rugged, grunt_potential
D:15:     hangedman_spin_cycle, uniq_agnes, uniq_rupert, uniq_nessos
Temple:   hellmonk_temple_two_chambers
Lair:1:   layout_concentric_octagons, minmay_hedge_maze, beast_lair_carwin_9,
          uniq_amaemon
Lair:2:   layout_loops_ring, guppyfry_snake_entry_island, grunt_megastairs_5,
          uniq_gastronok
Lair:3:   kb_forest_paths, layout_chaotic_city,
          nicolae_swamp_entry_splash_gauntlet, gauntlet_entry_generic,
          uniq_fannar
Lair:4:   layout_gridlike, basic_altar, nicolae_lair_lil_pond
Lair:5:   minmay_lair_end_frog_pond, layout_loops_ring,
          dpeg_slime_entry_enclosed, small_statue_intersection,
          serial_bayou_shore_b, serial_bayou_shore_b, uniq_urug
Swamp:1:  layout_basic_swamp, ebering_ghost_funeral_grove,
          nicolae_swamp_orc_logging_accident, swamp_pool2, st_shrine_of_shade
Swamp:2:  layout_basic_swamp, nicolae_swamp_big_swirl, swamp_pool1,
          infiniplex_staircase_pool
Swamp:3:  layout_falls_marsh, nicolae_swamp_fairy_circle
Swamp:4:  nzn_swamp_witches_coven, layout_basic_swamp, swamp_pool1,
          cheibrodos_swamp_pet_leeches
Snake:1:  layout_chambers, serial_shops, nicolae_shop_overgrown_old_shop,
          uniq_azrael
Snake:2:  layout_layer_cave, serial_shops, nicolae_shop_hallway_stairs,
          nicolae_shop_crystal, shop, nicolae_shop_advertising_works
          [nicolae_subvault_shop_adworks], nicolae_shop_waterfront, uniq_aizul
Snake:3:  nicolae_snake_nest, layout_gridlike
Snake:4:  grunt_snake_rune_serpentine_throne, layout_cave_town,
          grunt_megastairs_1, minmay_shop_grove
Orc:1:    layout_caves
Orc:2:    st_orc_ogre_mass, layout_caves, serial_shops, shop,
          nicolae_shop_stone, shop, mines1_david, uniq_saint_roka
Vaults:1: hangedman_vaults_stagger, vaults_dpeg_encased_lava,
          hangedman_vaults_corner_blocks, v_misc_26, hangedman_vaults_trim,
          nicolae_vaults_rhombus_5, v_misc_2, vaults_room_ringed_pool,
          nicolae_vaults_sealed_display, layout_vaults_ring

Skill      XL: |  1  2  3  4  5  6  7  8  9 10 11 12 13 14 15 16 17 18 19 20 |
---------------+-------------------------------------------------------------+-----
Conjurations   | 5 7 8 10 12 14 | 14.4
Spellcasting   | 3 4 6 8 9 10 12 13 15 17 18 | 18.7
Armour         | 5 |  5.0
Ice Magic      | 9 10 11 15 16 18 19 20 | 20.0
Fighting       | 5 |  5.0
Staves         | 5 |  5.0
Dodging        | 5 |  5.0
Evocations     | 2 8 10 | 10.0
Shields        | 4 |  4.0
Stealth        | |  2.0

Action                   |  1- 3 |  4- 6 |  7- 9 | 10-12 | 13-15 | 16-18 | 19-21 || total
-------------------------+-------+-------+-------+-------+-------+-------+-------++-------
Melee: Unarmed           |     6 |       |       |       |       |       |       ||     6
       Short sword       |     3 |       |       |       |       |       |       ||     3
       Dagger            |       |       |    31 |       |       |       |       ||    31
       Trident           |       |       |    81 |   277 |   131 |       |       ||   489
       Punch             |       |       |     1 |     5 |     4 |       |       ||    10
       Staff             |       |       |       |    14 |   197 |    78 |     8 ||   297
Throw: Dart              |     4 |       |       |     1 |     8 |       |       ||    13
       Throwing net      |       |       |       |       |     1 |       |       ||     1
 Cast: Magic Dart        |    31 |     2 |       |       |       |       |       ||    33
       Searing Ray       |    20 |    32 |    19 |    39 |    10 |     3 |       ||   123
       Mephitic Cloud    |       |     1 |    14 |    37 |     6 |       |       ||    58
       Fulminant Prism   |       |       |     5 |    14 |     3 |       |       ||    22
       Kindle Blastspark |       |       |     1 |       |       |       |       ||     1
       Iskenderun's Myst |       |       |       |    18 |    55 |    90 |    53 ||   216
       Freezing Cloud    |       |       |       |    16 |    78 |    56 |       ||   150
       Sticky Flame      |       |       |       |     2 |    46 |     9 |       ||    57
       Orb of Destructio |       |       |       |       |    32 |   219 |    54 ||   305
       Ozocubu's Refrige |       |       |       |       |       |    32 |    66 ||    98
       Polar Vortex      |       |       |       |       |       |       |    11 ||    11
Evoke: Wand              |       |       |       |     1 |     9 |     1 |       ||    11
       Lightning rod     |       |       |       |     4 |     1 |       |       ||     5
       Tin of tremorston |       |       |       |     2 |     1 |       |       ||     3
       Phantom mirror    |       |       |       |       |     1 |       |       ||     1
  Use: Scroll            |     1 |     6 |     5 |     5 |    17 |    10 |       ||    44
       Potion            |       |       |     1 |     2 |       |     6 |     4 ||    13
 Stab: Confused          |       |       |     3 |    15 |       |       |       ||    18
       Sleeping          |       |       |     2 |       |       |       |       ||     2
       Distracted        |       |       |       |     1 |       |       |       ||     1
       Paralysed         |       |       |       |       |    16 |       |       ||    16
Armor: Robe              |     8 |     4 |    37 |    34 |    29 |    50 |    25 ||   187
       Ring mail         |       |       |       |    43 |   157 |       |       ||   200
       Acid dragon scale |       |       |       |       |    41 |       |       ||    41
Dodge: Dodged            |    39 |    10 |   107 |   216 |   366 |   107 |    25 ||   870
Block: Other             |       |       |       |       |    18 |     1 |       ||    19
       Reflection        |       |       |       |       |     1 |       |       ||     1
       Buckler           |       |       |       |       |       |    71 |    19 ||    90

Table legend: (Time is in decaauts)
 A = Elapsed time spent in this place.
 B = Non-inter-level travel time spent in this place.
 C = Inter-level travel time spent in this place.
 D = Time resting spent in this place.
 E = Time spent auto-exploring this place.
 F = Levels seen in this place.
 G = Mean time per level.
                   A        B        C        D        E       F      G
               +--------+--------+--------+--------+--------+-----+--------+
         Total |  41147 |  37610 |   3537 |  12322 |  17726 |  33 | 1246.9 |
       Dungeon |  19206 |  17595 |   1611 |   5730 |   7972 |  15 | 1280.4 |
        Temple |     52 |     52 |      0 |      0 |     25 |   1 |   52.0 |
          Lair |   7741 |   6845 |    896 |   2565 |   3094 |   5 | 1548.2 |
         Swamp |   4588 |   4425 |    163 |   1485 |   2144 |   4 | 1147.0 |
     Snake Pit |   7082 |   6426 |    656 |   2002 |   3319 |   4 | 1770.5 |
  Orcish Mines |   1669 |   1460 |    209 |    272 |    833 |   2 |  834.5 |
        Vaults |    285 |    285 |      0 |     31 |    198 |   1 |  285.0 |
      Gauntlet |    521 |    521 |      0 |    237 |    140 |   1 |  521.0 |
               +--------+--------+--------+--------+--------+-----+--------+

Top non-repeatable levels by time:
 Snake:4: 2252 daAuts
    D:12: 2129 daAuts
  Lair:2: 2129 daAuts
    D:14: 2040 daAuts
     D:9: 1971 daAuts
 Swamp:4: 1920 daAuts
 Snake:1: 1793 daAuts
 Snake:2: 1729 daAuts
  Lair:3: 1718 daAuts
    D:10: 1678 daAuts
  Lair:4: 1516 daAuts
     D:7: 1423 daAuts
     D:8: 1412 daAuts
     D:6: 1391 daAuts
  Lair:5: 1314 daAuts
